 Dungeon Crawl Stone Soup version 0.23.2-1-ga50397a6bc (webtiles) character file.

Game seed: 11414640846048670777

26946 Andrea the Thaumaturge (level 13, -6/84 HPs)
             Began as a Deep Elf Wizard on May 6, 2019.
             Was an Elder of Vehumet.
             Mangled by a swamp worm (18 damage)
             ... on level 5 of the Lair of Beasts on May 7, 2019.
             The game lasted 01:14:01 (27086 turns).

Andrea the Thaumaturge (Deep Elf Wizard)           Turns: 27086, Time: 01:14:02

Health: -6/84      AC: 10    Str:  8    XL:     13   Next: 1%
Magic:  12/32      EV: 18    Int: 27    God:    Vehumet [****..]
Gold:   1127       SH:  2    Dex: 13    Spells: 19/39 levels left

rFire    . . .     SeeInvis .   g - +0 dagger
rCold    + . .     Gourm    .   (no shield)
rNeg     . . .     Faith    .   i - +2 robe {rC+}
rPois    +         Spirit   .   M - +2 helmet
rElec    .         Reflect  +   F - +1 cloak {rPois}
rCorr    .         Harm     .   f - +0 pair of gloves
MR       +++..     Clarity  +   (no boots)
Stlth    ++........             G - +2 amulet of reflection
HPRegen  0.24/turn              n - ring of protection from magic
MPRegen  0.23/turn              h - ring of protection from magic

@: about to teleport, slowed, very slow
A: clarity, clever 1, screaming 1
a: Renounce Religion


You were on level 5 of the Lair of Beasts.
You worshipped Vehumet.
Vehumet was greatly pleased with you.
You were not hungry.

You visited 3 branches of the dungeon, and saw 17 of its levels.
You also visited: Sewer and Volcano.

You collected 1127 gold pieces.

Inventory:

Hand Weapons
 g - a +0 dagger (weapon)
Armour
 f - a +0 pair of gloves (worn)
 i - a +2 robe of cold resistance (worn)
 F - a +1 cloak of poison resistance (worn)
 M - a +2 helmet (worn)
 O - a +0 buckler
Jewellery
 b - an uncursed ring of teleportation
 h - a ring of protection from magic (right hand)
 n - a ring of protection from magic (left hand)
 G - a +2 amulet of reflection (around neck)
 L - an uncursed ring of resist corrosion
Wands
 r - a wand of random effects (20)
 u - a wand of paralysis (8)
 w - a wand of enslavement (20)
 y - a wand of digging (5)
 z - a wand of iceblast (11)
 C - a wand of polymorph (11)
 D - a wand of flame (20)
 J - a wand of scattershot (6)
Scrolls
 j - 2 scrolls of fear
 k - a scroll of immolation
 l - 3 scrolls of remove curse
 p - 3 scrolls of enchant weapon
 q - 2 scrolls of teleportation
 s - a scroll of blinking
 v - a scroll of enchant armour
 B - a scroll of summoning
 E - 4 scrolls of amnesia
 H - a scroll of silence
 K - a scroll of magic mapping
 N - a scroll of identify
Potions
 c - 3 potions of heal wounds
 e - 3 potions of curing
 m - 5 potions of flight
 o - 4 potions of lignification
 t - 3 potions of brilliance
 x - a potion of might
 A - 2 potions of mutation
 I - a potion of haste
Comestibles
 d - 29 rations


   Skills:
 * Level 11.3 Fighting
 + Level 10.4 Dodging
 - Level 2.4 Stealth
 + Level 13.8 Spellcasting
 - Level 8.7 Conjurations
 - Level 5.2 Summonings
 - Level 1.1 Translocations
 - Level 6.2 Fire Magic
 - Level 3.3 Air Magic
 - Level 1.0 Poison Magic


You had 19 spell levels left.
You knew the following spells:

 Your Spells              Type           Power        Failure   Level  Hunger
a - Magic Dart            Conj           ####         1%          1    None
b - Call Imp              Summ           #####...     1%          2    None
c - Mephitic Cloud        Conj/Pois/Air  #####...     1%          3    None
d - Conjure Flame         Conj/Fire      ######..     1%          3    None
e - Blink                 Tloc           N/A          2%          2    None
f - Fireball              Conj/Fire      ######....   1%          5    ##.....
g - Summon Lightning Spi  Summ/Air       #####...     4%          4    None

Your spell library contained the following spells:

 Spells                   Type           Power        Failure   Level  Hunger
 Airstrike                Air            #####.....   2%          4    None
 Apportation              Tloc           ###...       1%          1    None
 Flame Tongue             Conj/Fire      #####        1%          1    None
 Summon Butterflies       Summ           #####...     1%          1    None
 Summon Small Mammal      Summ           ####         1%          1    None
 Poisonous Vapours        Pois/Air       ####..       1%          2    None
 Searing Ray              Conj           ######       1%          2    None
 Throw Flame              Conj/Fire      ######       1%          2    None
 Call Canine Familiar     Summ           #####...     1%          3    None
 Dazzling Spray           Conj/Hex       #####.       1%          3    None
 Inner Flame              Hex/Fire       #####...     1%          3    None
 Force Lance              Conj/Tloc      #####...     1%          4    None
 Fulminant Prism          Conj/Hex       #####.....   1%          4    None
 Iskenderun's Mystic Bla  Conj           ######..     1%          4    None
 Sticky Flame             Conj/Fire      ######..     1%          4    None
 Summon Guardian Golem    Hex/Summ       ####....     3%          3    None
 Slow                     Hex            ###.....     4%          2    None
 Lesser Beckoning         Tloc           ###.......   5%          3    None
 Tukima's Dance           Hex            ###.....     9%          3    None
 Summon Ice Beast         Ice/Summ       ####....     10%         4    None
 Freezing Cloud           Conj/Ice/Air   #####.....   21%         6    ####...
 Alistair's Intoxication  Tmut/Pois      ###.....     54%         5    ##.....
 Invisibility             Hex            ###.....     99%         6    ####...
 Ring of Flames           Chrm/Fire      #####.....   100%        7    ######.


Dungeon Overview and Level Annotations

Branches:
Dungeon (11/15)            Temple (1/1) D:7            Lair (5/6) D:8
  Swamp (0/4) Lair:2       Spider (0/4) Lair:2          Orc (0/2) D:11
  Slime: Lair:5-6

Altars:
Ashenzari
Cheibriados
Dithmenos
Elyvilon
Fedhas
Gozag
Hepliaklqana
Kikubaaqudgha
Makhleb
Nemelex Xobeh
Okawaru
Qazlal
Ru
Sif Muna
Trog
Uskayaw
Vehumet
Wu Jian
Xom
Yredelemnul
Zin
The Shining One
Beogh

Shops:
D:7 [

Portals:
Trove: D:10 (give +4 demon whip)

Annotations:
D:4 Natasha
D:5 Duvessa
Lair:1 exclusion: oklob plant
Lair:4 2 transporters, gnacko's ghost, journeyman MiGl


Innate Abilities, Weirdness & Mutations

You possess an exceptional clarity of mind.
Your mind is acute. (Int +2)
You occasionally shout uncontrollably at your foes.


Message History

Casting: Blink (safe; 2% risk of failure)
Confirm with . or Enter, or press ? or * to list all spells.
You blink.
The swamp worm throws harpoon shot at you.
The harpoon shot hits you.
You are yanked forward by the harpoon shot.
The tyrant leech barely misses you. The swamp worm bites you!!
Casting: Blink (safe; 2% risk of failure)
Confirm with . or Enter, or press ? or * to list all spells.
You blink.
The torpor snail bites you!
* * * LOW HITPOINT WARNING * * *
The swamp worm throws harpoon shot at you.
The harpoon shot hits you!
* * * LOW HITPOINT WARNING * * *
You are yanked forward by the harpoon shot.
The torpor snail closely misses you.
As you read the scroll of teleportation, it crumbles to dust.
You feel strangely unstable. You block the swamp worm's attack.
The swamp worm bites you!!
You die...

.PP...#.........#.######
.#..................P#.#
..†...................##
.P...#....####.#.......##
....##.#### #..##......P#
.####### ##.........## .#
#P.#.w#....# .#
##..ww.....## .#
#...@w......## ##
##.....(......#
#..............#
#...........#.##
#.#...........#
#..............
#.##..........#. ##
#>..............P
P..#.............. .#


You could see 2 tyrant leeches, a torpor snail and a swamp worm.

Vanquished Creatures
  Gastronok (Lair:1)
  2 hydras
  A catoblepas (Lair:1)
  2 two-headed ogres
  Pikel (D:8)
  An orb spider (Lair:2)
  An ugly thing (D:11)
  An elephant (Lair:4)
  Maurice (D:8)
  A centaur zombie (D:11)
  4 spiny frogs
  A kobold demonologist (D:11)
  2 komodo dragons
  A polar bear (Lair:3)
  A troll (D:11)
  A tyrant leech (Lair:5)
  A merfolk (D:10)
  5 blink frogs (Lair:1)
  A hippogriff (D:6)
  2 wyverns
  Eustachio (D:5)
  25 yaks
  5 vampire mosquitoes
  6 porcupines
  2 orc warriors (D:11)
  2 black bears
  A phantom (D:5)
  4 ice beasts
  3 slaves
  A necrophage (D:11)
  2 sky beasts
  An eye of draining (D:10)
  6 ogres
  5 wolves (Lair:2)
  4 centaurs
  2 crocodiles
  2 big kobolds
  10 bullfrogs
  2 gnoll sergeants
  A water moccasin zombie (D:6)
  Dowan (D:5)
  3 scorpions
  9 killer bees
  13 wights
  10 howler monkeys
  4 crimson imps
  3 quasits
  2 jellies
  12 orc wizards
  9 orc priests
  4 hounds
  A bullfrog skeleton (D:7)
  3 iguanas
  Natasha (twice) (D:4)
  4 worker ants
  3 worker ant zombies
  21 adders
  12 gnolls
  A howler monkey skeleton (D:7)
  2 river rats (Sewer)
  3 shadow imps
  6 adder zombies
  6 adder skeletons
  2 worms
  4 dart slugs
  9 leopard geckos
  46 orcs
  14 bats
  A bat skeleton (D:2)
  5 giant cockroaches
  10 goblins
  7 hobgoblins
  12 jackals
  4 quokkas
  A ball python (D:3)
  A ball python zombie (D:2)
  6 frilled lizards
  A jackal skeleton (D:4)
  25 kobolds
  A leopard gecko skeleton (D:2)
  A quokka skeleton (D:7)
  A quokka zombie (D:5)
  11 rats
412 creatures vanquished.

Vanquished Creatures (collateral kills)
  A hydra (Lair:3)
  A two-headed ogre (D:10)
  3 elephants (Lair:4)
  A moth of wrath (Lair:5)
  A spiny frog (Lair:3)
  A torpor snail (Lair:5)
  3 tyrant leeches (Lair:5)
  2 polar bears (Lair:3)
  A hippogriff (D:10)
  7 yaks
  A hungry ghost (D:10)
  2 basilisks
  A vampire mosquito (Lair:2)
  3 water moccasins
  A porcupine (Lair:5)
  2 ice beasts
  A slave (D:7)
  A necrophage (D:10)
  3 orc warriors (D:11)
  2 ogres
  4 crocodiles
  2 big kobolds (D:11)
  2 bullfrogs
  2 scorpions (D:10)
  7 wights
  A crimson imp (D:4)
  A hound (D:10)
  An orc priest (D:11)
  An orc wizard (D:3)
  A worker ant (D:7)
  A hound skeleton (D:6)
  A howler monkey skeleton (D:10)
  2 gnolls
  An ooze (D:3)
  An adder zombie (D:10)
  10 orcs
  A jackal (D:10)
  A bat (D:10)
  A kobold (D:11)
  3 fungi
  A plant (Lair:3)
83 creatures vanquished.

Vanquished Creatures (others)
  15 fungi
  12 plants
27 creatures vanquished.

Grand Total: 522 creatures vanquished

Notes
Turn   | Place    | Note
-------+----------+-------------------------------------------
     0 | D:1      | Andrea the Deep Elf Wizard began the quest for the Orb.
     0 | D:1      | Reached XP level 1. HP: 10/10 MP: 7/7
   230 | D:1      | Reached XP level 2. HP: 16/16 MP: 7/9
   262 | D:1      | Learned a level 2 spell: Call Imp
   704 | D:1      | Reached XP level 3. HP: 20/20 MP: 3/11
   803 | D:1      | Reached skill level 1 in Fighting
   918 | D:1      | Learned a level 3 spell: Mephitic Cloud
   922 | D:1      | Learned a level 3 spell: Conjure Flame
   925 | D:1      | Learned a level 2 spell: Blink
  1398 | D:2      | Reached skill level 5 in Spellcasting
  1660 | D:2      | Reached XP level 4. HP: 25/25 MP: 4/13
  1949 | D:2      | Reached skill level 1 in Poison Magic
  2007 | D:2      | Found an opulent altar of Gozag.
  2373 | D:2      | Reached skill level 1 in Fire Magic
  2617 | D:2      | Reached XP level 5. HP: 27/29 MP: 4/14
  4196 | D:3      | Found a hide-covered altar of Uskayaw.
  4546 | D:4      | Noticed an ogre
  4568 | D:4      | Killed an ogre
  4568 | D:4      | Reached XP level 6. HP: 35/35 MP: 5/16
  5057 | D:4      | Reached skill level 5 in Conjurations
  5100 | D:4      | Reached skill level 6 in Spellcasting
  5174 | D:4      | Found a glowing drain.
  5183 | Sewer    | Entered a sewer
  5215 | Sewer    | Gained mutation: You are weak. (Str -2) [potion of
                  | mutation]
  5215 | Sewer    | Gained mutation: You tend to lose your temper in combat.
                  | [potion of mutation]
  5215 | Sewer    | Gained mutation: You are resistant to hostile enchantments.
                  | (MR+) [potion of mutation]
  5546 | Sewer    | Lost mutation: You are weak. (Str -2) [potion of mutation]
  5546 | Sewer    | Lost mutation: You are resistant to hostile enchantments.
                  | (MR+) [potion of mutation]
  5546 | Sewer    | Lost mutation: You tend to lose your temper in combat.
                  | [potion of mutation]
  5546 | Sewer    | Gained mutation: Your mind is acute. (Int +2) [potion of
                  | mutation]
  5546 | Sewer    | Gained mutation: You occasionally shout uncontrollably at
                  | your foes. [potion of mutation]
  5546 | Sewer    | Gained mutation: You possess an exceptional clarity of
                  | mind. [potion of mutation]
  5569 | Sewer    | Reached XP level 7. HP: 27/40 MP: 3/18
  5713 | Sewer    | Found a white marble altar of Elyvilon.
  5856 | D:4      | Noticed Natasha
  5862 | D:4      | Killed Natasha
  6060 | D:5      | Entered Level 5 of the Dungeon
  6066 | D:5      | Noticed Eustachio
  6159 | D:5      | Killed Eustachio
  6346 | D:4      | Noticed Natasha
  6352 | D:4      | Killed Natasha
  6644 | D:5      | Reached skill level 7 in Spellcasting
  6946 | D:5      | Reached XP level 8. HP: 46/46 MP: 11/20
  7083 | D:5      | Noticed Duvessa
  7201 | D:5      | Noticed Dowan
  7406 | D:5      | Killed Dowan
  8430 | D:4      | Noticed Natasha
  8716 | D:6      | Noticed a hippogriff
  8723 | D:6      | Killed a hippogriff
  8820 | D:6      | Reached skill level 5 in Fire Magic
  8978 | D:6      | Found a shadowy altar of Dithmenos.
  8985 | D:6      | Found a glowing golden altar of the Shining One.
  9404 | D:6      | Reached skill level 8 in Spellcasting
  9489 | D:6      | Reached XP level 9. HP: 52/52 MP: 12/23
  9827 | D:6      | Found a bloodstained altar of Trog.
  9919 | D:7      | Learned a level 5 spell: Fireball
 11293 | D:7      | Found a staircase to the Ecumenical Temple.
 11303 | Temple   | Entered the Ecumenical Temple
 11385 | Temple   | Became a worshipper of Vehumet
 11645 | D:7      | Reached skill level 1 in Air Magic
 12198 | D:7      | Found Vaumy's Antique Armour Shoppe.
 12618 | D:8      | Reached skill level 9 in Spellcasting
 12619 | D:8      | Noticed Pikel
 12910 | D:8      | Noticed Maurice
 13624 | D:8      | Killed Pikel
 13624 | D:8      | Reached skill level 5 in Fighting
 13624 | D:8      | Reached skill level 5 in Summonings
 13624 | D:8      | Reached XP level 10. HP: 54/59 MP: 6/25
 14010 | D:8      | Reached * piety under Vehumet
 14010 | D:8      | Offered knowledge of Freeze by Vehumet.
 14464 | D:8      | Noticed a two-headed ogre
 14491 | D:8      | Killed a two-headed ogre
 14687 | D:8      | Killed Maurice
 14771 | D:8      | Reached skill level 10 in Spellcasting
 14938 | D:8      | Found a staircase to the Lair.
 15126 | D:8      | Learned a level 4 spell: Summon Lightning Spire
 15976 | D:9      | Noticed a two-headed ogre
 15987 | D:9      | Killed a two-headed ogre
 16077 | D:9      | Reached skill level 5 in Dodging
 16207 | D:9      | Reached ** piety under Vehumet
 16441 | D:10     | Entered Level 10 of the Dungeon
 16487 | D:10     | Offered knowledge of Sandblast by Vehumet.
 16698 | D:10     | Found the +7 Singing Sword {slice, sonic wave}
 17290 | D:10     | Found a portal to a secret trove of treasure.
 17524 | D:10     | Offered knowledge of Dazzling Spray by Vehumet.
 17787 | D:10     | Reached XP level 11. HP: 58/67 MP: 17/27
 17827 | D:10     | Noticed a two-headed ogre
 17831 | D:10     | Killed a two-headed ogre
 18547 | D:11     | Reached skill level 11 in Spellcasting
 19076 | D:11     | Reached *** piety under Vehumet
 19093 | D:11     | Noticed a white ugly thing
 19101 | D:11     | Killed a white ugly thing
 19397 | D:11     | Offered knowledge of Throw Icicle by Vehumet.
 19836 | D:11     | Found a roughly hewn altar of Beogh.
 20041 | D:11     | Reached **** piety under Vehumet
 20066 | D:11     | Offered knowledge of Airstrike by Vehumet.
 20247 | D:11     | Found a staircase to the Orcish Mines.
 20292 | D:11     | Reached skill level 12 in Spellcasting
 20873 | Lair:1   | Entered Level 1 of the Lair of Beasts
 20926 | Lair:1   | Found a dark tunnel.
 20926 | Lair:1   | Noticed Gastronok
 20935 | Lair:1   | Killed Gastronok
 20948 | Lair:1   | Reached XP level 12. HP: 76/76 MP: 3/30
 21105 | Volcano  | Entered a volcano
 22003 | Lair:1   | Noticed a catoblepas
 22022 | Lair:1   | Killed a catoblepas
 22505 | Lair:2   | Reached skill level 10 in Fighting
 22533 | Lair:2   | Noticed a six-headed hydra
 22868 | Lair:2   | Found a hole to the Spider Nest.
 23169 | Lair:2   | Killed a six-headed hydra
 23435 | Lair:2   | Got an ancient amber ring
 23488 | Lair:2   | Reached skill level 13 in Spellcasting
 23591 | Lair:2   | Found a staircase to the Swamp.
 24157 | Lair:3   | Identified the ring of Geoskid {rPois Str+2} (You found it
                  | on level 2 of the Lair of Beasts)
 24419 | Lair:3   | Noticed a five-headed hydra
 24424 | Lair:3   | Killed a five-headed hydra
 24924 | Lair:4   | Reached skill level 10 in Dodging
 25433 | Lair:4   | Found a transporter.
 25435 | Lair:4   | Noticed gnacko's ghost (journeyman MiGl)
 25499 | Lair:4   | Found a transporter.
 26572 | Lair:5   | Noticed an eight-headed hydra
 26582 | Lair:5   | Killed an eight-headed hydra
 26855 | Lair:5   | Reached XP level 13. HP: 70/84 MP: 28/32
 27086 | Lair:5   | Mangled by a swamp worm

Skill      XL: |  1  2  3  4  5  6  7  8  9 10 11 12 |
---------------+-------------------------------------+-----
Conjurations   | 2 3 4 5 6 8 |  8.7
Fighting       | 1 2 3 4 5 7 9 11 | 11.3
Spellcasting   | 5 6 7 8 9 10 12 13 | 13.8
Poison Magic   | 1 |  1.0
Fire Magic     | 1 2 3 5 6 |  6.2
Summonings     | 5 |  5.2
Air Magic      | 3 |  3.3
Dodging        | 5 8 10 | 10.4
Stealth        | |  2.4
Translocations | |  1.1

Action                   |  1- 3 |  4- 6 |  7- 9 | 10-12 | 13-15 || total
-------------------------+-------+-------+-------+-------+-------++-------
Melee: Dagger            |     5 |    43 |    45 |   102 |       ||   195
 Cast: Magic Dart        |   102 |   225 |   433 |   571 |     2 ||  1333
       Call Imp          |       |     6 |    23 |     5 |       ||    34
       Mephitic Cloud    |       |     7 |    35 |    70 |     2 ||   114
       Conjure Flame     |       |       |    24 |    50 |     1 ||    75
       Fireball          |       |       |    15 |    79 |     3 ||    97
       Blink             |       |       |     6 |     6 |     4 ||    16
       Summon Lightning  |       |       |       |    57 |     6 ||    63
Evoke: Wand              |       |       |       |     3 |       ||     3
  Use: Potion            |       |    13 |     1 |       |       ||    14
       Scroll            |       |       |     9 |    12 |     2 ||    23
 Stab: Confused          |       |     2 |     3 |     5 |       ||    10
       Distracted        |       |       |       |     1 |       ||     1
  Eat: Chunk             |     2 |    11 |    15 |    33 |       ||    61
       Ration            |       |     1 |     3 |     4 |       ||     8
Armor: Robe              |     2 |    11 |    27 |    33 |       ||    73
Dodge: Dodged            |    23 |    66 |   109 |   156 |     6 ||   360
Block: Other             |       |       |       |    15 |     1 ||    16
       Reflection        |       |       |       |     1 |       ||     1
